 Dungeon Sprint DCSS version 0.29-a0-620-g13ace881f2 (webtiles) character file.

Game seed: 7539695576319298013

453 rocky1 the Skirmisher (level 6, -7/79 HPs)
             Began as a Demonspawn Fighter on June 18, 2022.
             Was an Elder of Cheibriados.
             Mangled by a death yak (20 damage)
             ... in the Dungeon (Sprint VII: "The Pits").
             The game lasted 00:02:18 (570 turns).

rocky1 the Skirmisher (Demonspawn Fighter)           Turns: 570, Time: 00:02:18

Health: -7/79      AC: 10    Str: 29    XL:     6   Next: 75%
Magic:  6/10       EV: 14    Int: 19    God:    Cheibriados [****..]
Gold:   0          SH:  7    Dex: 24    Spells: 5/5 levels left

rFire   . . .      SeeInvis .   a - +0 long sword
rCold   . . .      Faith    .   c - +0 buckler
rNeg    . . .      Spirit   .   n - +3 scale mail
rPois   .          Reflect  .   (no helmet)
rElec   .          Harm     .   (no cloak)
rCorr   .          Rampage  .   (no gloves)
Will    .....      NoTele   +   (no boots)
Stlth   ..........              (no amulet)
HPRegen 0.23/turn               (no ring)
MPRegen 0.12/turn               (no ring)

@: berserking (expiring), very slow
A: thin skeletal structure 1, weakness stinger 2
a: Renounce Religion, Bend Time, Temporal Distortion, Slouch


You were in the Dungeon.
You worshipped Cheibriados.
Cheibriados was greatly pleased with you.
You visited 1 branch

Inventory:

Hand Weapons
 a - a +0 long sword (weapon)
Armour
 c - a +0 buckler (worn)
 n - a +3 scale mail (worn)
Scrolls
 j - a scroll of blinking
 l - 5 scrolls of amnesia
 m - a scroll of summoning
Potions
 d - a potion of might
 e - 6 potions of curing
 f - 5 potions of heal wounds
 h - 4 potions of magic
 i - a potion of berserk rage
 k - 2 potions of invisibility


   Skills:
 + Level 6.8 Fighting
 + Level 6.1 Long Blades
 + Level 6.2 Armour
 + Level 5.4 Dodging
 + Level 6.3 Shields
 + Level 5.6 Invocations


You had 5 spell levels left.
You didn't know any spells.
Your spell library was empty.

Dungeon Overview and Level Annotations

Branches:
Dungeon (1/1)

Altars:
Ashenzari
Cheibriados
Dithmenos
Elyvilon
Fedhas
Gozag
Hepliaklqana
Kikubaaqudgha
Makhleb
Nemelex Xobeh
Okawaru
Qazlal
Ru
Sif Muna
Trog
Uskayaw
Vehumet
Wu Jian
Xom
Yredelemnul
Zin
The Shining One
Beogh
Jiyva
Lugonu


Innate Abilities, Weirdness & Mutations

You have a somewhat thin skeletal structure. (Dex +2, Stealth+)
You have a tail ending in a sharp stinger.


Message History

The death yak seems to slow down.
You hit the death yak but do no damage. The death yak gores you!!
* * * LOW HITPOINT WARNING * * *
You hit the death yak. You tail-slap the death yak.
The death yak is lightly wounded.
You feel much better.
The death yak snorts and paws the ground.
The death yak gores you but does no damage.
A red film seems to cover your vision as you go berserk!
Cheibriados forces you to slow down.
You feel mighty! The death yak gores you!
You hit the death yak.
The death yak is lightly wounded.
You hit the death yak.
The death yak is lightly wounded.
The death yak barely misses you.
You slash the death yak!
Your tail-slap misses the death yak.
The death yak is moderately wounded.
The death yak is no longer moving slowly.
The death yak misses you.
You slash the death yak!
The death yak is heavily wounded.
The death yak gores you.
You hit the death yak.
The death yak is heavily wounded.
The death yak barely misses you.
You slash the death yak!
The death yak is severely wounded.
The death yak barely misses you.
You hit the death yak.
Your tail-slap misses the death yak.
The death yak is severely wounded.
The death yak closely misses you.
You hit the death yak.
The death yak is almost dead.
The death yak gores you!!
* * * LOW HITPOINT WARNING * * *
You hit the death yak.
The death yak is almost dead.
The death yak gores you!!
You die...

#†#........##.......#
#'###########.......#
#.......# #########
#.###...# #.#.....#
#.#...#.#+#
#.....#.#.+
#...###.#Y#
#.......'@#
###########


You could see a death yak.

Vanquished Creatures
  A fire bat (D)
  A floating eye (D)
  An ice beast (D)
  A phantom (D)
  A quasit (D)
  An ufetubus (D)
  A worm (D)
  An orc (D)
  2 endoplasms (D)
  A giant cockroach (D)
  A goblin (D)
  A hobgoblin (D)
  A frilled lizard (D)
  A kobold (D)
  A rat (D)
16 creatures vanquished.

Notes
Turn   | Place    | Note
-------+----------+-------------------------------------------
     0 | D        | rocky1 the Demonspawn Fighter began the quest for the Orb.
     0 | D        | Reached XP level 1. HP: 18/18 MP: 1/1
    19 | D        | Found a bloodstained altar of Trog.
    19 | D        | Found a shimmering blue altar of Sif Muna.
    19 | D        | Found a viscous altar of Jiyva.
    19 | D        | Found a hazy altar of Hepliaklqana.
    19 | D        | Found an opulent altar of Gozag.
    20 | D        | Found a basalt altar of Yredelemnul.
    20 | D        | Found a shimmering altar of Xom.
    20 | D        | Found an ornate altar of the Wu Jian Council.
    20 | D        | Found a sacrificial altar of Ru.
    20 | D        | Found a stormy altar of Qazlal.
    20 | D        | Found an iron altar of Okawaru.
    20 | D        | Found a sparkling altar of Nemelex Xobeh.
    20 | D        | Found a burning altar of Makhleb.
    20 | D        | Found a blossoming altar of Fedhas.
    20 | D        | Found a shadowy altar of Dithmenos.
    20 | D        | Found a snail-covered altar of Cheibriados.
    23 | D        | Found a corrupted altar of Lugonu.
    23 | D        | Found a radiant altar of Vehumet.
    24 | D        | Found an ancient bone altar of Kikubaaqudgha.
    24 | D        | Found a hide-covered altar of Uskayaw.
    24 | D        | Found a broken altar of Ashenzari.
    31 | D        | Became a worshipper of Cheibriados the Contemplative
    80 | D        | Reached * piety under Cheibriados
    81 | D        | Reached skill level 1 in Dodging
   121 | D        | Noticed a floating eye
   125 | D        | Paralysed by a floating eye for 3 turns
   131 | D        | Paralysed by a floating eye for 4 turns
   137 | D        | Reached ** piety under Cheibriados
   138 | D        | Gained mutation: You have a small tail. [demonic ancestry]
   138 | D        | Reached XP level 2. HP: 10/24 MP: 2/2
   140 | D        | Killed a floating eye
   141 | D        | Reached skill level 5 in Fighting
   141 | D        | Reached XP level 3. HP: 14/33 MP: 3/3
   141 | D        | Reached XP level 4. HP: 16/39 MP: 4/4
   373 | D        | Noticed an ice beast
   373 | D        | Noticed a phantom
   389 | D        | Killed an ice beast
   389 | D        | Reached *** piety under Cheibriados
   390 | D        | Reached skill level 5 in Armour
   390 | D        | Reached skill level 5 in Shields
   390 | D        | Gained mutation: You have a tail ending in a sharp stinger.
                  | [demonic ancestry]
   390 | D        | Reached XP level 5. HP: 46/46 MP: 4/7
   403 | D        | Killed a phantom
   404 | D        | Reached skill level 5 in Long Blades
   404 | D        | Gained mutation: You have a somewhat thin skeletal
                  | structure. (Dex +2, Stealth+) [demonic ancestry]
   404 | D        | Reached XP level 6. HP: 44/52 MP: 6/9
   456 | D        | Noticed a fire bat
   490 | D        | Reached **** piety under Cheibriados
   501 | D        | Killed a fire bat
   502 | D        | Reached skill level 5 in Dodging
   502 | D        | Reached skill level 5 in Invocations
   555 | D        | Noticed a death yak
   570 | D        | Mangled by a death yak

Illustrated notes

Levels and vault maps discovered:
D:        pitsprint [storerooms_1, entrance_room_1, metal_vault_6, armoury_2,
          mini_pit_1, grid_room_1, main_hall_1, silver_pit, the_coven_3,
          the_vestibule_1, steel_vault_2, golden_pit, hallway_of_sentries,
          crystal_vault_1, iron_vault_1, final_vault]

Skill      XL: |  1  2  3  4  5  6 |
---------------+-------------------+-----
Long Blades    | 2 4 5 6 |  6.1
Armour         | 3 4 5 6 |  6.2
Dodging        | 1 3 4 5 |  5.4
Shields        | 3 4 5 6 |  6.3
Fighting       | 5 6 |  6.8
Invocations    | 3 4 5 |  5.6

Action                   |  1- 3 |  4- 6 || total
-------------------------+-------+-------++-------
Melee: Long sword        |    24 |    73 ||    97
       Tailslap          |     1 |     9 ||    10
Invok: Bend Time         |       |     2 ||     2
  Use: Potion            |       |     3 ||     3
Armor: Scale mail        |     6 |    54 ||    60
Dodge: Dodged            |     9 |    88 ||    97
Block: Buckler           |     5 |    31 ||    36

Table legend: (Time is in decaauts)
 A = Elapsed time spent in this place.
 B = Non-inter-level travel time spent in this place.
 C = Inter-level travel time spent in this place.
 D = Time resting spent in this place.
 E = Time spent auto-exploring this place.
 F = Levels seen in this place.
 G = Mean time per level.
                   A        B        C        D        E       F      G
               +--------+--------+--------+--------+--------+-----+--------+
         Total |    680 |    680 |      0 |    254 |      0 |   1 |  680.0 |
       Dungeon |    680 |    680 |      0 |    254 |      0 |   1 |  680.0 |
               +--------+--------+--------+--------+--------+-----+--------+

Top non-repeatable levels by time:
       D: 680 daAuts
